 Dungeon Crawl Stone Soup version 0.28-a0-1387-g3a22ab9bdc (webtiles) character file.

Game seed: 1985655695181253150

93 enile the Sneak (level 4, -5/31 HPs)
             Began as an Octopode Brigand on Jan 2, 2022.
             Killed by divine providence
             ... invoked by an orc priest
              (10 damage)
             ... on level 2 of the Dungeon.
             The game lasted 00:03:42 (1649 turns).

enile the Sneak (Octopode Brigand)                  Turns: 1649, Time: 00:03:42

Health: -5/31      AC:  1    Str: 12    XL:     4   Next: 61%
Magic:  4/4        EV: 13    Int: 13    God:
Gold:   63         SH:  0    Dex: 13    Spells: 3/3 levels left

rFire   . . .      SeeInvis .   e - +2 dagger (speed)
rCold   . . .      Faith    .   (no shield)
rNeg    . . .      Spirit   .   (helmet restricted)
rPois   .          Reflect  .   (no amulet)
rElec   .          Harm     .   (no ring)
rCorr   .          Rampage  .   (no ring)
Will    .....                   (no ring)
Stlth   ++++......              (no ring)
HPRegen 0.10/turn               (no ring)
MPRegen 0.09/turn               (no ring)
                                (no ring)
                                (no ring)

@: no status effects
A: almost no armour, amphibious, 8 rings, camouflage 1, gelatinous body 1,
(nimble swimmer 1), tentacles
a: no special abilities


You were on level 2 of the Dungeon.
You visited 1 branch of the dungeon, and saw 2 of its levels.

You collected 63 gold pieces.

Inventory:

Hand Weapons
 a - a +2 dagger
 e - a +2 dagger of speed (weapon)
 j - a +0 falchion of holy wrath
Missiles
 b - 25 poisoned darts (quivered)
 c - 2 curare-tipped darts
 g - 21 stones
Scrolls
 d - a scroll of fear {unknown}
 i - 3 scrolls of teleportation {unknown}
 m - a scroll of identify {unknown}
Potions
 f - a potion of heal wounds {unknown}
 h - a potion of magic {unknown}
 l - a potion of flight {unknown}
 n - a potion of lignification {unknown}
 o - a potion of brilliance {unknown}


   Skills:
 + Level 3.4 Fighting
 - Level 3.0 Short Blades
 - Level 2.1 Throwing
 - Level 2.0 Dodging
 - Level 5.4 Stealth


You had 3 spell levels left.
You didn't know any spells.
Your spell library was empty.

Dungeon Overview and Level Annotations

Branches:
Dungeon (2/15)

Altars:
Vehumet


Innate Abilities, Weirdness & Mutations

You cannot wear most types of armour.
You are amphibious.
You can wear up to eight rings at the same time.
Your skin changes colour to match your surroundings (Stealth+).
Your rubbery body absorbs attacks. (AC +1, EV +1)
((You are camouflaged when in or above water. (Stealth+)))
You have tentacles for arms and can constrict up to eight enemies at once.


Message History

You start resting.
HP restored.
Things that are here:
a +0 hand axe; a +0 scale mail; an orc corpse
b - 21 poisoned darts (gained 1)
b - 22 poisoned darts (gained 1)
You see here a poisoned dart.
You see here a poisoned dart.
You see here a poisoned dart.
b - 23 poisoned darts (gained 1)
You see here a poisoned dart.
b - 24 poisoned darts (gained 1) Throw: 24 darts (poison)
Press: ? - help, Q - select action, (/) - cycle Shift-Dir - straight line, f - orc
Aim: an orc, wielding a +0 mace and wearing a +0 leather armour (asleep, 98% to hit)
Okay, then.
You see here a poisoned dart.
b - 25 poisoned darts (gained 1)
The orc shouts! x4; The orc priest shouts!
The orc hits you with a +0 mace.
The orc priest looks braver for a moment.
You hit the orc. Your grab misses the orc. Your squeeze misses the orc.
The orc is heavily wounded.
The orc closely misses you.
You barely miss the orc. Your grab misses the orc.
The orc is heavily wounded.
You closely miss the orc. Your grab misses the orc.
The orc is heavily wounded.
The orc hits you with a +0 mace!
The orc priest invokes the aid of Beogh against you.
Beogh smites you!
Sorry, you're not good enough to have a special ability.
As you read the scroll labelled VYGGES EGEATA, it crumbles to dust.
The scroll dissolves into smoke.
It was a scroll of fog.
The orc closely misses you.
Found 16 gold pieces.
The orc hits you with a +0 flail.
* * * LOW HITPOINT WARNING * * *
The orc priest calls down the wrath of Beogh upon you.
Beogh smites you!
You die...

#>..<##.........## #
####.....>##.##..# #
####.........###.## #
.............###..#
................#.#
......#########...#
.............###..#
....#..≈...≈..##..#
.†......o.....$#@.##
........o.....⌠#...#
.##...........$#o..#
.##.#..≈...≈..##o..# #####
###.#...o....###...######## #...#
.....o#########o..........# #....
.......oo§§o§.......#####.###....
.......§##§##.##..#..............
.........§§§§.........#...###....


You could see an orc priest and 2 orcs.

Vanquished Creatures
  An orc priest (D:2)
  3 gnolls
  A worm (D:2)
  A bat (D:1)
  2 endoplasms
  4 goblins
  3 hobgoblins
  4 jackals (D:1)
  2 kobolds
  2 quokkas (D:1)
  3 ball pythons
  6 rats
32 creatures vanquished.

Notes
Turn   | Place    | Note
-------+----------+-------------------------------------------
     0 | D:1      | enile the Octopode Brigand began the quest for the Orb.
     0 | D:1      | Reached XP level 1. HP: 14/14 MP: 1/1
   120 | D:1      | Reached XP level 2. HP: 19/19 MP: 2/2
   185 | D:1      | Found a radiant altar of Vehumet.
   432 | D:1      | You fall into a shaft and drop 1 floor!
   449 | D:2      | Reached XP level 3. HP: 24/26 MP: 3/3
  1408 | D:2      | Reached XP level 4. HP: 31/31 MP: 4/4
  1649 | D:2      | Killed from afar by an orc priest

Illustrated notes

Levels and vault maps discovered:
D:1:      evilmike_arrival_hilbert_curve, layout_loops_corners,
          minmay_hexomino_r4
D:2:      cheibrodos_pilgrimage, layout_rooms, basic_altar

Skill      XL: |  1  2  3  4 |
---------------+-------------+-----
Fighting       | 3 |  3.4
Short Blades   | 3 |  3.0
Dodging        | 2 |  2.0
Throwing       | |  2.1
Stealth        | |  5.4

Action                   |  1- 3 |  4- 6 || total
-------------------------+-------+-------++-------
Melee: Dagger            |    59 |    10 ||    69
       Constrict         |    14 |     1 ||    15
       Tentacles         |     9 |     3 ||    12
Throw: Stone             |     3 |       ||     3
       Dart              |     4 |     5 ||     9
  Use: Scroll            |       |     1 ||     1
 Stab: Sleeping          |     5 |     3 ||     8
Armor: Skin              |     1 |       ||     1
Dodge: Dodged            |    25 |     2 ||    27

Table legend: (Time is in decaauts)
 A = Elapsed time spent in this place.
 B = Non-inter-level travel time spent in this place.
 C = Inter-level travel time spent in this place.
 D = Time resting spent in this place.
 E = Time spent auto-exploring this place.
 F = Levels seen in this place.
 G = Mean time per level.
                   A        B        C        D        E       F      G
               +--------+--------+--------+--------+--------+-----+--------+
         Total |   1630 |   1594 |     36 |     90 |   1224 |   2 |  815.0 |
       Dungeon |   1630 |   1594 |     36 |     90 |   1224 |   2 |  815.0 |
               +--------+--------+--------+--------+--------+-----+--------+

Top non-repeatable levels by time:
     D:1: 1071 daAuts
     D:2: 558 daAuts
